[Event "Titled Tuesday Blitz March 01 Early 2022"]
[White "Onufrienko, Vladislav"]
[Black "Mikhailov, Viacheslav"]
[WhiteFideId "13804332"]
[BlackFideId "4187369"]
[WhiteElo "1659"]
[BlackElo "2381"]
[Result "0-1"]
[Round "03"]
[TimeControl "180+1"]
[Date "2022.03.01"]
[WhiteClock "0:00:01"]
[BlackClock "0:00:19"]

1. e4 c5 2. Nf3 d6 3. d4 cxd4 4. Nxd4 Nf6 5. Nc3 a6 6. Be3 e6 7. Be2 Be7 8. g4 Qc7 9. h4 Nc6 10. g5 Nd7 11. h5 b5 12. a3 Bb7 13. Qd3 Nde5 14. Qd2 Rc8 15. f4 Nc4 16. Bxc4 bxc4 17. Ke2 Qa5 18. g6 Nxd4+ 19. Bxd4 hxg6 20. hxg6 Rxh1 21. Rxh1 fxg6 22. Bxg7 Kd7 23. Rh7 Re8 24. Be5 Qb6 25. Bf6 Kd8 26. Be5 Kc8 27. Bd4 Qa5 28. Qe3 Qc7 29. Kd1 e5 30. Bb6 exf4 31. Qf2 Qd7 32. Kc1 f3 33. Kb1 Qg4 0-1


[Site "https://www.chess.com"]

[Event "Titled Tuesday Blitz March 01 Early 2022"]
[White "Oparin, Grigoriy"]
[Black "Aggelis, Nikolaos"]
[WhiteFideId "24125890"]
[BlackFideId "4213220"]
[WhiteElo "2685"]
[BlackElo "2154"]
[Result "1-0"]
[Round "03"]
[TimeControl "180+1"]
[Date "2022.03.01"]
[WhiteClock "0:00:57"]
[BlackClock "0:00:18"]

1. c4 Nf6 2. Nc3 d5 3. cxd5 Nxd5 4. Nf3 g6 5. h4 h5 6. Qb3 Nb6 7. Ng5 e6 8. a4 Nc6 9. a5 Nd5 10. e3 Bg7 11. a6 Rb8 12. Bb5 Ne7 13. axb7 Bxb7 14. Rxa7 O-O 15. Ra4 Nf5 16. Qc2 Ne5 17. d4 Bxg2 18. Rg1 Nf3+ 19. Nxf3 Bxf3 20. Be2 Nxh4 21. e4 Qf6 22. Bg5 Bxe2 23. Bxf6 Nf3+ 24. Kxe2 Nxg1+ 25. Kf1 Bxf6 26. Kxg1 Rfd8 27. e5 Be7 28. Ne4 c5 29. dxc5 Rd5 30. c6 Rxe5 31. c7 Rc8 32. Qc6 Rd5 33. Ra8 1-0


[Site "https://www.chess.com"]

[Event "Titled Tuesday Blitz March 01 Early 2022"]
[White "Osmonbekov, Talaibek"]
[Black "Samarth, J Rao"]
[WhiteFideId "2017253"]
[BlackFideId "46652370"]
[WhiteElo "2135"]
[BlackElo "1514"]
[Result "0-1"]
[Round "03"]
[TimeControl "180+1"]
[Date "2022.03.01"]
[WhiteClock "0:00:03"]
[BlackClock "0:00:14"]

1. d4 Nf6 2. Nc3 d5 3. Bf4 g6 4. e3 Bg7 5. h4 h5 6. Nf3 c5 7. Ne5 Nc6 8. Bb5 Bd7 9. O-O O-O 10. Nxd7 Qxd7 11. dxc5 a6 12. Ba4 Rfd8 13. f3 Qf5 14. Qd3 Qc8 15. Rad1 e5 16. Bg3 e4 17. Qe2 exf3 18. gxf3 Qh3 19. Qg2 Qe6 20. Rfe1 Bh6 21. Qf2 Kh7 22. a3 Re8 23. Rd3 d4 24. exd4 Qh3 25. d5 Rxe1+ 26. Qxe1 Re8 27. Qf2 Ne5 28. Rd1 Nfg4 29. fxg4 Nxg4 30. Qxf7+ Bg7 31. Qf4 Rf8 32. Qe3 Nxe3 33. Bf2 Qg2# 0-1


[Site "https://www.chess.com"]

[Event "Titled Tuesday Blitz March 01 Early 2022"]
[White "Ovezdurdyyeva, Jemal"]
[Black "Perez Gormaz, Matias"]
[WhiteFideId "14001888"]
[BlackFideId "3406342"]
[WhiteElo "1946"]
[BlackElo "2352"]
[Result "1-0"]
[Round "03"]
[TimeControl "180+1"]
[Date "2022.03.01"]
[WhiteClock "0:00:54"]
[BlackClock "0:00:05"]

1. e4 c5 2. Nf3 d6 3. d4 cxd4 4. Nxd4 Nf6 5. Nc3 a6 6. Bc4 e6 7. O-O b5 8. Bb3 Be7 9. a3 O-O 10. Kh1 Nbd7 11. f4 Nc5 12. e5 dxe5 13. fxe5 Nfd7 14. Bf4 Bb7 15. Qg4 Kh8 16. Rae1 f5 17. exf6 Nxf6 18. Qd1 Nd5 19. Nxe6 Nxe6 20. Nxd5 Nxf4 21. Nxf4 Bf6 22. Qh5 h6 23. Ng6+ Kh7 24. Qf5 Rf7 25. Bxf7 1-0


[Site "https://www.chess.com"]

[Event "Titled Tuesday Blitz March 01 Early 2022"]
[White "Ozer, Omer Faruk"]
[Black "Nasyrova, Ekaterina"]
[WhiteFideId "6354564"]
[BlackFideId "44157797"]
[WhiteElo "2050"]
[BlackElo "2068"]
[Result "0-1"]
[Round "03"]
[TimeControl "180+1"]
[Date "2022.03.01"]
[WhiteClock "0:00:02"]
[BlackClock "0:00:03"]

1. d4 d5 2. Bg5 c5 3. e3 h6 4. Bh4 Nc6 5. c3 g5 6. Bg3 Bg7 7. Nd2 Nf6 8. Bd3 O-O 9. h4 g4 10. h5 cxd4 11. cxd4 Re8 12. Ne2 a6 13. Bh4 Qb6 14. Bxf6 Bxf6 15. O-O e5 16. dxe5 Bxe5 17. Nb3 g3 18. Nxg3 Bxg3 19. fxg3 Qxe3+ 20. Kh2 Ne5 21. Be2 Qg5 22. Rf4 Kh8 23. Qd4 Rg8 24. g4 f6 25. Raf1 Bxg4 26. Bxg4 Nxg4+ 27. Rxg4 Qxg4 28. Qxf6+ Qg7 29. Nd4 Qxf6 30. Rxf6 Kg7 31. Rg6+ Kh7 32. Rb6 Rg7 33. Nf5 Rf7 34. Rxh6+ Kg8 35. Rg6+ Kh7 36. g4 Re8 37. Kg3 Re2 38. Rh6+ Kg8 39. Rd6 Rxb2 40. Nh6+ Kg7 41. Nxf7 Kxf7 42. Rxd5 b5 43. Rd6 Rxa2 44. g5 b4 45. Rb6 Ra3+ 46. Kg4 b3 47. Rb7+ Kg8 48. h6 a5 49. Kh5 Ra4 50. Kg6 Rb4 51. Rg7+ Kh8 52. Rf7 Rb8 53. Rf1 b2 54. Kf7 b1=Q 55. g6 Qxf1+ 0-1


[Site "https://www.chess.com"]

[Event "Titled Tuesday Blitz March 01 Early 2022"]
[White "Panesar Vedant"]
[Black "Vetokhin, Ilia"]
[WhiteFideId "35033018"]
[BlackFideId "24156078"]
[WhiteElo "1971"]
[BlackElo "1897"]
[Result "0-1"]
[Round "03"]
[TimeControl "180+1"]
[Date "2022.03.01"]
[WhiteClock "0:00:02"]
[BlackClock "0:00:04"]

1. e4 c5 2. Nf3 Nc6 3. Nc3 Nf6 4. d4 cxd4 5. Nxd4 d6 6. Bg5 e6 7. Bb5 Bd7 8. Qd3 a6 9. Bxc6 bxc6 10. O-O-O Be7 11. Nb3 Qc7 12. f4 h6 13. Bxf6 gxf6 14. Rhf1 c5 15. e5 d5 16. exf6 Bxf6 17. Nxd5 exd5 18. Qxd5 Bc6 19. Rfe1+ Kf8 20. Qxc5+ Kg7 21. Rd6 Rac8 22. Nd4 Bb5 23. Nf5+ Kg6 24. Nh4+ Kg7 25. Nf5+ Kg6 26. Qf2 Qxc2+ 27. Qxc2 Rxc2+ 28. Kxc2 Kxf5 29. g4+ Kg6 30. h4 Rc8+ 31. Kb1 Kg7 32. g5 Bd8 33. gxh6+ Kh7 34. Rg1 Bc7 35. Rf6 Bd3+ 36. Ka1 Bc4 37. a3 Ba5 38. Rf5 Bd8 39. Re5 Be6 40. Rh5 Bf6 0-1


[Site "https://www.chess.com"]

[Event "Titled Tuesday Blitz March 01 Early 2022"]
[White "Piesik, Piotr"]
[Black "Karavaeva, Olga"]
[WhiteFideId "1136194"]
[BlackFideId "4124111"]
[WhiteElo "2232"]
[BlackElo "2105"]
[Result "1-0"]
[Round "03"]
[TimeControl "180+1"]
[Date "2022.03.01"]
[WhiteClock "0:01:26"]
[BlackClock "0:00:06"]

1. Nf3 d5 2. g3 c6 3. Bg2 g6 4. O-O Bg7 5. d3 Nf6 6. Nbd2 Nbd7 7. e4 O-O 8. Qe2 e6 9. Re1 Re8 10. Nb3 dxe4 11. dxe4 e5 12. a4 Nf8 13. Nfd2 Be6 14. Nc4 Qc7 15. Be3 b6 16. f3 h6 17. Bf1 Rad8 18. Qf2 Rd7 19. a5 b5 20. Ncd2 a6 21. Nc5 Qc8 22. Nxd7 N8xd7 23. Nb3 Bxb3 24. cxb3 Nf8 25. Rac1 Ne6 26. Red1 Nd7 27. Bh3 Qc7 28. Qc2 c5 29. Rd5 Re7 30. Bxe6 fxe6 31. Rd3 Qxa5 32. Bxc5 Nxc5 33. Qxc5 Rf7 34. Qc8+ Kh7 35. Qxe6 Rf6 36. Qe7 Qb6+ 37. Kg2 Re6 38. Qc7 Qxc7 39. Rxc7 g5 40. Rdd7 Rg6 41. Kh3 1-0


[Site "https://www.chess.com"]

[Event "Titled Tuesday Blitz March 01 Early 2022"]
[White "Pinheiro, Iung Alicio de O."]
[Black "Lazavik, Denis"]
[WhiteFideId "2104350"]
[BlackFideId "13515110"]
[WhiteElo "2518"]
[BlackElo "2436"]
[Result "1/2-1/2"]
[Round "03"]
[TimeControl "180+1"]
[Date "2022.03.01"]
[WhiteClock "0:00:14"]
[BlackClock "0:00:09"]

1. e4 c5 2. Nf3 e6 3. c3 Nf6 4. e5 Nd5 5. g3 d6 6. Bg2 Nc6 7. exd6 Bxd6 8. O-O O-O 9. d4 Qc7 10. c4 Nde7 11. Nc3 Nxd4 12. Nxd4 cxd4 13. Nb5 Qb6 14. Qxd4 Bc5 15. Qe4 Nf5 16. b3 a6 17. Nc3 Qc7 18. Bb2 Rb8 19. Rac1 b6 20. Qg4 Bb7 21. Ne4 Be7 22. Rfd1 Kh8 23. h4 f6 24. h5 Rbe8 25. Qe2 Rd8 26. Bc3 e5 27. Qb2 Nh6 28. Qe2 Bc6 29. Nd2 Bxg2 30. Kxg2 Nf7 31. Nf3 Qc6 32. Rxd8 Rxd8 33. Rd1 Rxd1 34. Qxd1 Ng5 35. Qd5 Qxd5 36. cxd5 Ne4 37. Bb2 Kg8 38. g4 Kf7 39. Kf1 Bb4 40. Ke2 Bc3 41. Bc1 Nd6 42. Be3 b5 43. Bc5 Ne4 44. Be3 Bb4 45. Ng1 Nc3+ 46. Kd3 Nxd5 47. Ne2 Ke6 48. a4 g6 49. axb5 axb5 50. hxg6 hxg6 51. f3 Be7 52. Bd2 Bc5 53. Ng3 Ne7 54. Ne4 Bb6 55. Nc3 b4 56. Na2 Nd5 57. Nxb4 Nc7 58. Nc2 Nb5 59. Be3 Bd8 60. Bd2 Nd6 61. Be3 Nb7 62. b4 Be7 63. Kc4 Nd6+ 64. Kd3 Kd5 65. Bc5 Nc8 66. Ne3+ Kc6 67. Kc4 Nd6+ 68. Bxd6 Bxd6 69. b5+ Kd7 70. Kd5 Bb8 71. Nc4 Kc7 72. g5 fxg5 73. Nxe5 Kb7 74. Nxg6 Kb6 75. Kc4 Bd6 76. Nh8 Kb7 77. Nf7 Bf4 78. Nd8+ Kb6 79. Ne6 Be3 80. Ng7 Bd2 81. Nf5 Bf4 82. Nd4 Be3 83. Nf5 Bf4 84. Ne7 Kb7 85. Nd5 Bd2 86. Kd3 Bc1 87. Ke4 Bd2 88. Kf5 Bc1 89. Ke6 Bd2 90. Kf5 Bc1 91. Ke4 Bd2 92. Kd3 Bc1 93. Kc2 Ba3 94. Kc3 Bc1 95. Kc4 Bd2 96. Nc3 Bc1 97. Ne4 Be3 98. Kd5 Kb6 99. Kc4 Kb7 100. Kd3 Bf4 101. Nc3 Bc1 102. Ke4 Bd2 103. Nd5 Bc1 104. Kf5 Bd2 105. Nf6 Kb6 106. Ne4 Bc1 107. Nxg5 Kxb5 108. Ne6 Kc6 109. Ke5 Kd7 110. Nc5+ Ke7 111. Kf5 Kf7 112. Ne4 Be3 113. Ng3 Bc1 114. Ne2 Be3 115. Nc3 Bd2 116. Nd5 Bc1 117. Nf4 Be3 118. Nd3 Bd2 119. Ne5+ Kf8 120. Ke4 Bc1 121. Nc4 Bh6 122. Kd3 Bc1 123. Ke2 Bh6 124. Kd3 Bc1 125. Ke4 Bh6 126. Nb6 Bc1 127. Nd5 Bh6 128. Nf4 Kf7 129. Ne2 Bd2 130. Ng3 Bc1 131. Nf5 Bd2 132. Ke5 Bc3+ 133. Kf4 Bd2+ 134. Kg4 Bc1 135. Ng3 Bd2 136. Ne4 Bc1 137. Kf5 Be3 138. Nd6+ Kf8 139. Nc4 Bc1 140. Ke4 1/2-1/2


[Site "https://www.chess.com"]

[Event "Titled Tuesday Blitz March 01 Early 2022"]
[White "Politov, Pavel Y."]
[Black "Aydin, Gulenay"]
[WhiteFideId "24110515"]
[BlackFideId "34557431"]
[WhiteElo "2090"]
[BlackElo "1429"]
[Result "0-1"]
[Round "03"]
[TimeControl "180+1"]
[Date "2022.03.01"]
[WhiteClock "0:00:08"]
[BlackClock "0:00:19"]

1. e4 c5 2. Nf3 d6 3. d4 cxd4 4. Nxd4 g6 5. c4 Bg7 6. Nc3 Nf6 7. Be2 O-O 8. O-O Nc6 9. Be3 Bd7 10. Qd2 a6 11. f3 Qa5 12. Rfd1 Rfc8 13. Rac1 Rab8 14. b3 Nxd4 15. Bxd4 b5 16. cxb5 axb5 17. Nxb5 Qxd2 18. Rxc8+ Rxc8 19. Rxd2 Bh6 20. Rb2 Ne8 21. a4 e5 22. Bb6 Rc6 23. Ba7 Nc7 24. Nxc7 Rxc7 25. Bb6 Rc6 26. a5 Bc8 27. Bb5 Rc1+ 28. Kf2 Ra1 29. b4 Bb7 30. Be3 Bf8 31. Be2 Kg7 32. Bb6 d5 33. exd5 Bxd5 34. b5 Ra3 35. a6 Bd6 36. Be3 f5 37. f4 exf4 38. Bd4+ Kf7 39. b6 Ra4 40. Bc3 Bc5+ 41. Ke1 Ra1+ 42. Kd2 Be4 43. b7 Be3# 0-1


[Site "https://www.chess.com"]

[Event "Titled Tuesday Blitz March 01 Early 2022"]
[White "Polster, Christian"]
[Black "Urbina Perez, Juan Antonio"]
[WhiteFideId "12965081"]
[BlackFideId "2217368"]
[WhiteElo "2304"]
[BlackElo "2192"]
[Result "1-0"]
[Round "03"]
[TimeControl "180+1"]
[Date "2022.03.01"]
[WhiteClock "0:00:51"]
[BlackClock "0:00:54"]

1. e4 e5 2. Nf3 Nc6 3. Bc4 Bc5 4. b4 Bxb4 5. c3 Ba5 6. d4 Nxd4 7. Nxd4 exd4 8. Qxd4 Qf6 9. e5 Qg6 10. O-O Bb6 11. Qf4 Ne7 12. Ba3 Qf5 13. Qg3 Qg6 14. Nd2 Qxg3 15. hxg3 Nc6 16. Rfe1 Na5 17. Bd5 c6 18. Bf3 c5 19. Ne4 O-O 20. Bxc5 Bxc5 21. Nxc5 Re8 22. Rab1 Rb8 23. Na6 Nc6 24. Bxc6 dxc6 25. Nxb8 Bf5 26. Rxb7 1-0


[Site "https://www.chess.com"]

[Event "Titled Tuesday Blitz March 01 Early 2022"]
[White "Ponkratov, Pavel"]
[Black "Krsnik Cohar, Ivan Vihor"]
[WhiteFideId "4157800"]
[BlackFideId "14520044"]
[WhiteElo "2487"]
[BlackElo "2414"]
[Result "1-0"]
[Round "03"]
[TimeControl "180+1"]
[Date "2022.03.01"]
[WhiteClock "0:00:35"]
[BlackClock "0:00:14"]

1. c4 c6 2. Nc3 d5 3. e3 Nf6 4. Nf3 Bf5 5. cxd5 Nxd5 6. Qb3 g6 7. Qxb7 Nb6 8. Ne5 Bc8 9. Nxc6 Bxb7 10. Nxd8 Kxd8 11. d4 Bg7 12. Bd2 Nc6 13. Rc1 Rc8 14. Be2 Kd7 15. O-O Rhd8 16. Nb5 Ke8 17. Rc5 e5 18. Re1 Kf8 19. Bg4 f5 20. Bf3 a6 21. Na7 Nxa7 22. Bxb7 Rb8 23. Bxa6 exd4 24. exd4 Bxd4 25. Bh6+ Kg8 26. Rc7 Nd5 27. Bc4 Nb5 28. Rc6 Kh8 29. a4 Na7 30. Rce6 Nb6 31. Bb3 Na8 32. h4 Bg7 33. Bg5 Rdc8 34. R1e3 Nc6 35. Bd5 Nd4 36. Re7 Nc7 37. Bf7 Nc6 38. Rd7 Ne5 39. Re7 Nxf7 40. Rxf7 Nd5 41. Rd3 Rc5 42. b4 Rxb4 43. Rd7 Rb1+ 44. Kh2 h6 45. Bd2 Nf6 46. Ra7 Rb8 47. f3 Nh5 48. g4 fxg4 49. fxg4 Be5+ 50. Kg2 Nf4+ 51. Bxf4 Bxf4 52. Rdd7 Be5 53. Rab7 Rxb7 54. Rxb7 Ra5 55. Rb4 Kg7 56. Rc4 Kf6 57. Kf3 Ra6 58. Ke4 Re6 59. Kd5 Rd6+ 60. Kc5 h5 61. g5+ Kf5 62. Kb5 Rd5+ 63. Kb6 Ra5 64. Kxa5 1-0


[Site "https://www.chess.com"]

[Event "Titled Tuesday Blitz March 01 Early 2022"]
[White "Poormosavi, Seyed Kian"]
[Black "Zanette, Edgard Vinicius"]
[WhiteFideId "12585807"]
[BlackFideId "2109263"]
[WhiteElo "2116"]
[BlackElo "2182"]
[Result "0-1"]
[Round "03"]
[TimeControl "180+1"]
[Date "2022.03.01"]
[WhiteClock "0:00:53"]
[BlackClock "0:00:09"]

1. d4 f5 2. c4 Nf6 3. Nc3 e6 4. Nf3 Bb4 5. g3 b6 6. Bg2 Bxc3+ 7. bxc3 Bb7 8. O-O O-O 9. d5 Ne4 10. Ba3 Re8 11. Nd4 Na6 12. Nb5 exd5 13. cxd5 d6 14. c4 Nac5 15. Bb2 Qe7 16. a4 a6 17. Nd4 Qf7 18. Ra3 Rf8 19. Rf3 Bc8 20. g4 f4 21. h3 Bd7 22. e3 Bxa4 23. Qa1 Qd7 24. Rxf4 Rxf4 25. exf4 Nd2 26. Ne6 Nxf1 27. Kxf1 Re8 28. f5 Bb3 29. Bxg7 Bxc4+ 30. Kg1 Nxe6 31. Bh8 Nf4 32. Bb2 Nxg2 33. Qc1 Re1+ 34. Kxg2 Bxd5+ 35. Kg3 Rxc1 36. Bxc1 Qc6 37. Bf4 Bg2 38. Kh4 Qe4 39. f6 Qxf4 40. Kh5 Qxf6 41. g5 Qf7+ 42. Kg4 Qg6 43. Kg3 Bc6 44. h4 Qe4 45. f4 Qf3+ 46. Kh2 Qg2# 0-1


[Site "https://www.chess.com"]

[Event "Titled Tuesday Blitz March 01 Early 2022"]
[White "Potapova, Margarita"]
[Black "Reprintsev, Alexander"]
[WhiteFideId "14126869"]
[BlackFideId "14100541"]
[WhiteElo "2209"]
[BlackElo "2126"]
[Result "0-1"]
[Round "03"]
[TimeControl "180+1"]
[Date "2022.03.01"]
[WhiteClock "0:00:03"]
[BlackClock "0:01:12"]

1. e4 d5 2. exd5 Qxd5 3. Nc3 Qa5 4. d4 Nf6 5. Nf3 Nc6 6. Bd2 a6 7. Bc4 Qh5 8. h3 Bg4 9. Be2 O-O-O 10. O-O Bxf3 11. Bxf3 Qf5 12. d5 Nd4 13. Bg4 Nxg4 14. hxg4 Qxc2 15. Rc1 Qxd1 16. Rfxd1 e5 17. dxe6 Nxe6 18. Be3 Bb4 19. Nd5 Bd6 20. Ba7 b5 21. g3 Kb7 22. Be3 h5 23. gxh5 Rxh5 24. Kg2 Rdh8 25. b3 f5 26. Kf3 g5 27. Bd4 g4+ 28. Ke2 Re8 29. Be3 f4 30. gxf4 Nxf4+ 31. Nxf4 Bxf4 32. Rd7 g3 33. Rf7 Be5 34. fxg3 Bxg3 35. Kd3 Rh3 36. Ke2 Bd6 37. Rf3 Rh2+ 38. Rf2 Rh7 39. Rcf1 Rhe7 40. Rf3 Bc5 0-1


[Site "https://www.chess.com"]

[Event "Titled Tuesday Blitz March 01 Early 2022"]
[White "Putri, Regita Desyari"]
[Black "Carre, Sylvain"]
[WhiteFideId "7109083"]
[BlackFideId "642118"]
[WhiteElo "1930"]
[BlackElo "2105"]
[Result "0-1"]
[Round "03"]
[TimeControl "180+1"]
[Date "2022.03.01"]
[WhiteClock "0:00:01"]
[BlackClock "0:00:06"]

1. d4 d5 2. c4 c6 3. Nf3 Nf6 4. Nc3 e6 5. Bg5 dxc4 6. e4 b5 7. e5 h6 8. Bh4 g5 9. Nxg5 hxg5 10. Bxg5 Nbd7 11. exf6 Bb7 12. Qf3 Qb6 13. Qe3 O-O-O 14. O-O-O Qa5 15. Kb1 Nb6 16. Bf4 Bb4 17. Ne4 Nd5 18. Qc1 c3 19. bxc3 Bxc3 20. Bd6 Rh4 21. f4 Bb4 22. Bxb4 Qxb4+ 23. Qb2 Qxb2+ 24. Kxb2 Rxf4 25. Bd3 Ne3 26. Rde1 Nxg2 27. Re2 Nh4 28. Ng5 Rdxd4 29. Bc2 c5 30. Nxf7 Bxh1 31. Ne5 Rxf6 32. Nd3 Be4 33. Nxc5 Bxc2 34. Rxc2 Rc4 35. Rg2 Rxc5 36. Rg4 Ng6 37. Rh4 Ne7 38. Rh7 Kd7 39. h4 Rc4 40. h5 Rf2+ 41. Kb3 Rf3+ 42. Kb2 Rh4 0-1


[Site "https://www.chess.com"]

[Event "Titled Tuesday Blitz March 01 Early 2022"]
[White "Quirke, Jeffrey"]
[Black "Gubanov, Oleg"]
[WhiteFideId "2013029"]
[BlackFideId "14115115"]
[WhiteElo "2148"]
[BlackElo "2080"]
[Result "1/2-1/2"]
[Round "03"]
[TimeControl "180+1"]
[Date "2022.03.01"]
[WhiteClock "0:00:12"]
[BlackClock "0:00:29"]

1. c4 e5 2. g3 Nf6 3. Bg2 Nc6 4. e3 d5 5. cxd5 Nxd5 6. Ne2 Be6 7. O-O Qd7 8. d4 exd4 9. Nxd4 Nxd4 10. Qxd4 c5 11. Qd1 Be7 12. e4 Nb4 13. Qxd7+ Bxd7 14. Nc3 Bf6 15. Rd1 Bd4 16. a3 Nc6 17. Ne2 Bf6 18. Rb1 Nd4 19. Nxd4 Bxd4 20. b4 Ba4 21. Rd2 Bc3 22. Re2 cxb4 23. axb4 Rd8 24. Bf4 O-O 25. e5 Bb5 26. Rc2 Bd3 27. Rxc3 Bxb1 28. Bxb7 Rd7 29. Bc6 Rd1+ 30. Kg2 Rc8 31. b5 a6 32. Re3 axb5 33. Bxb5 h6 34. e6 fxe6 35. Rxe6 Bd3 36. Bxd3 Rxd3 37. h4 Rc2 38. Be3 Rb3 39. Re4 Kf7 40. Kf3 Rbb2 41. Rf4+ Kg6 42. Rg4+ Kh7 43. Rf4 Rc7 44. Rf5 Kg8 45. Rf4 Rf7 46. Rxf7 Kxf7 47. g4 Ra2 48. h5 Kf6 49. Kg3 Ke6 50. Kf3 Ke5 51. Kg3 Ra3 52. Kf3 Rb3 53. Kg3 Ke4 54. Kg2 Rd3 55. Kg3 Rxe3+ 56. fxe3 Kxe3 57. g5 Ke4 58. Kg4 Ke5 59. gxh6 gxh6 60. Kg3 Kf5 61. Kh4 Kf4 62. Kh3 Kg5 63. Kh2 Kxh5 64. Kg2 Kg4 65. Kh2 h5 66. Kg2 h4 67. Kh2 h3 68. Kh1 Kg3 69. Kg1 h2+ 70. Kh1 Kh3 1/2-1/2


[Site "https://www.chess.com"]

[Event "Titled Tuesday Blitz March 01 Early 2022"]
[White "Rangel, Daniel"]
[Black "Paravyan, David"]
[WhiteFideId "2124475"]
[BlackFideId "4194985"]
[WhiteElo "2187"]
[BlackElo "2569"]
[Result "0-1"]
[Round "03"]
[TimeControl "180+1"]
[Date "2022.03.01"]
[WhiteClock "0:00:10"]
[BlackClock "0:00:32"]

1. c4 Nf6 2. g3 c5 3. Bg2 d5 4. cxd5 Nxd5 5. Nf3 Nc6 6. d4 cxd4 7. Nxd4 Ndb4 8. Nxc6 Qxd1+ 9. Kxd1 Nxc6 10. Bxc6+ bxc6 11. Nc3 Bf5 12. f3 e5 13. e4 Be6 14. Be3 Bb4 15. Kc2 f5 16. a3 Bxc3 17. Kxc3 O-O 18. exf5 Rxf5 19. f4 exf4 20. gxf4 Bd5 21. Rhg1 Rh5 22. Bd4 g6 23. Rg3 Re8 24. h3 a5 25. b4 a4 26. Be5 Kf7 27. Re1 Rh4 28. Ree3 Be6 29. Kd4 Bf5 30. Kc5 Re6 31. Bd6 Be4 32. Be5 Bf5 33. Bd6 Rh5 34. Kxc6 Be4+ 35. Kc7 Rd5 36. Bc5 Ke8 37. Rg5 Rd7+ 38. Kb8 Kd8 39. Re5 Rb7+ 40. Ka8 Ra6+ 0-1


[Site "https://www.chess.com"]

[Event "Titled Tuesday Blitz March 01 Early 2022"]
[White "Rengifo Blancas, Renzo Jhonathan"]
[Black "Dziththauly, Ramadhan"]
[WhiteFideId "3807185"]
[BlackFideId "7105525"]
[WhiteElo "2058"]
[BlackElo "2608"]
[Result "1-0"]
[Round "03"]
[TimeControl "180+1"]
[Date "2022.03.01"]
[WhiteClock "0:00:07"]
[BlackClock "0:00:16"]

1. Nf3 c5 2. e4 Nc6 3. c3 d6 4. d4 Nf6 5. Bd3 e6 6. O-O Be7 7. Qe2 O-O 8. Bg5 h6 9. Bxf6 Bxf6 10. e5 dxe5 11. dxe5 Nxe5 12. Nxe5 Bxe5 13. Rd1 Qf6 14. Nd2 Bc7 15. Nf3 Bd7 16. Qe4 g6 17. Qxb7 Rac8 18. Ba6 Bc6 19. Qxa7 Bxf3 20. Bxc8 Qg5 21. g3 Qh5 22. Ba6 Bxd1 23. Qxc7 Qd5 24. Bf1 Bf3 25. a4 h5 26. a5 h4 27. a6 hxg3 28. Qxg3 Qa8 29. a7 Bd5 30. Bg2 Qb7 31. c4 Bc6 32. Bxc6 Qxc6 33. Qg2 Qxg2+ 34. Kxg2 Ra8 35. b4 Kf8 36. b5 Ke7 37. b6 1-0


[Site "https://www.chess.com"]

[Event "Titled Tuesday Blitz March 01 Early 2022"]
[White "Risteski, Emil"]
[Black "Buscar, Michael"]
[WhiteFideId "15005267"]
[BlackFideId "2603616"]
[WhiteElo "2070"]
[BlackElo "2010"]
[Result "1-0"]
[Round "03"]
[TimeControl "180+1"]
[Date "2022.03.01"]
[WhiteClock "0:00:20"]
[BlackClock "0:00:01"]

1. e4 c5 2. Be2 e6 3. d3 a6 4. f4 b5 5. Nf3 Bb7 6. O-O Qc7 7. g3 Nc6 8. c3 d6 9. Be3 Nf6 10. h3 Be7 11. Nbd2 b4 12. g4 bxc3 13. bxc3 Qa5 14. Qc2 Nd7 15. Rab1 Qc7 16. Rb2 Rb8 17. Rfb1 Ba8 18. d4 O-O 19. d5 exd5 20. exd5 Na7 21. c4 Rxb2 22. Rxb2 Rb8 23. Bd3 Nf8 24. Ng5 Rxb2 25. Qxb2 Bf6 26. Qb1 Qe7 27. Kf2 g6 28. Ndf3 Qb7 29. Ne4 Be7 30. f5 Qxb1 31. Bxb1 Nc8 32. f6 Bd8 33. g5 Nd7 34. Bf4 Bc7 35. Bc2 Ndb6 36. Bb3 a5 37. a3 Bb7 38. Ke3 Ba6 39. Nfd2 Kf8 40. Nxc5 Nxd5+ 41. cxd5 Bb6 42. Ne4 dxc5 43. Ba4 c4+ 44. Kd2 Bd4 45. d6 Nb6 46. d7 Nxd7 47. Bxd7 Bb7 48. Nd6 Bg2 49. Nxc4 Bc5 50. Bd6+ Bxd6 51. Nxd6 1-0


[Site "https://www.chess.com"]

[Event "Titled Tuesday Blitz March 01 Early 2022"]
[White "Rodchenkov, Sergey D."]
[Black "P., Komal Kishore"]
[WhiteFideId "4168712"]
[BlackFideId "5016703"]
[WhiteElo "2306"]
[BlackElo "2071"]
[Result "1-0"]
[Round "03"]
[TimeControl "180+1"]
[Date "2022.03.01"]
[WhiteClock "0:00:08"]
[BlackClock "0:00:03"]

1. e4 c6 2. d4 d5 3. e5 Bf5 4. g4 Be4 5. f3 Bg6 6. h4 h5 7. e6 Qd6 8. exf7+ Bxf7 9. Ne2 e5 10. g5 Nd7 11. Bh3 Be6 12. Nbc3 Bxh3 13. Rxh3 Qe6 14. Rh1 exd4 15. Qxd4 Ne7 16. Kd1 Nf5 17. Qf2 Bc5 18. Qg2 O-O-O 19. Nf4 Ne3+ 20. Bxe3 Qxe3 21. Nd3 Rhf8 22. f4 Qd4 23. Kc1 Ba3 24. Qd2 Bd6 25. Rf1 Nc5 26. f5 Nxd3+ 27. cxd3 Qxh4 28. Kc2 Rde8 29. g6 Bb4 30. a3 Bxc3 31. Qxc3 Qh2+ 32. Kb3 Re7 33. Ka2 Rfe8 34. f6 gxf6 35. Rxf6 Re2 36. Rb1 Rg8 37. g7 1-0


[Site "https://www.chess.com"]

[Event "Titled Tuesday Blitz March 01 Early 2022"]
[White "Rodchenkov, Vitaly"]
[Black "Tanenbaum, Zachary"]
[WhiteFideId "4152964"]
[BlackFideId "2060850"]
[WhiteElo "2337"]
[BlackElo "2168"]
[Result "0-1"]
[Round "03"]
[TimeControl "180+1"]
[Date "2022.03.01"]
[WhiteClock "0:00:17"]
[BlackClock "0:00:30"]

1. Nf3 d5 2. c4 dxc4 3. Qa4+ Nc6 4. Qxc4 e5 5. Nc3 Nf6 6. d3 Bd6 7. g3 O-O 8. Bg2 Be6 9. Qa4 Re8 10. O-O h6 11. Be3 Ng4 12. Bd2 f5 13. Rac1 Qe7 14. a3 Bc5 15. b4 Bb6 16. b5 Na5 17. h3 Nxf2 18. Rxf2 Bb3 19. Qb4 e4 20. dxe4 fxe4 21. Nxe4 Qxe4 22. Qxe4 Rxe4 23. Bxa5 Bxa5 24. Rff1 Rxe2 25. Kh1 Bd5 26. Rcd1 c6 27. bxc6 Bxc6 28. Nh4 Bxg2+ 29. Nxg2 Rc8 30. Nf4 Ra2 31. Rd7 Rcc2 32. Rxb7 Rh2+ 33. Kg1 Bb6+ 34. Rxb6 axb6 35. Rb1 Rhb2 36. Rc1 Rxa3 37. Rc8+ Kh7 0-1


[Site "https://www.chess.com"]

[Event "Titled Tuesday Blitz March 01 Early 2022"]
[White "Romanchuk, Viktor"]
[Black "Prieto Aranguren, Alain"]
[WhiteFideId "14109271"]
[BlackFideId "2268906"]
[WhiteElo "2242"]
[BlackElo "2235"]
[Result "1/2-1/2"]
[Round "03"]
[TimeControl "180+1"]
[Date "2022.03.01"]
[WhiteClock "0:00:12"]
[BlackClock "0:00:04"]

1. d4 d5 2. c4 c6 3. Nc3 Nf6 4. e3 e6 5. Nf3 Be7 6. g4 Nxg4 7. Rg1 Nf6 8. Rxg7 Nbd7 9. Ng5 Rf8 10. Nxh7 Nxh7 11. Rxh7 Nf6 12. Rg7 Qa5 13. Bd2 dxc4 14. Bxc4 Qf5 15. Qe2 Bd7 16. O-O-O O-O-O 17. f3 Qh5 18. Ne4 Nxe4 19. fxe4 Qh4 20. Rg4 Qh5 21. Rf4 Qh6 22. e5 Bg5 23. Rf3 c5 24. dxc5 Bc6 25. Rg3 Be4 26. Qg4 Rxd2 27. Kxd2 Qxh2+ 28. Be2 Bh4 29. Rh3 Rd8+ 30. Kc3 Qf2 31. Rxh4 Qxe3+ 32. Kb4 a5+ 33. Kb5 Bc6+ 34. Kb6 Rxd1 35. Bxd1 Qxe5 36. Qd4 Qc7+ 37. Ka7 Qb8+ 38. Kb6 Qc7+ 39. Ka7 Qb8+ 40. Kb6 Qc7+ 1/2-1/2


[Site "https://www.chess.com"]

[Event "Titled Tuesday Blitz March 01 Early 2022"]
[White "Rozhkov, Viacheslav"]
[Black "Lima, Kleyton Alcantara"]
[WhiteFideId "4181484"]
[BlackFideId "22718397"]
[WhiteElo "2324"]
[BlackElo "1951"]
[Result "1-0"]
[Round "03"]
[TimeControl "180+1"]
[Date "2022.03.01"]
[WhiteClock "0:00:48"]
[BlackClock "0:01:40"]

1. e4 c5 2. Nf3 d6 3. d4 cxd4 4. Nxd4 Nf6 5. Nc3 a6 6. Be3 e5 7. Nb3 Be6 8. f3 h5 9. g3 Nbd7 10. Qd2 Rc8 11. O-O-O b5 12. Nd5 Bxd5 13. exd5 Nb6 14. Bxb6 Qxb6 15. Bh3 Rc4 16. f4 g6 17. Kb1 Bh6 18. Qa5 Qxa5 19. Nxa5 Rc5 20. Nb7 Rxd5 21. Nxd6+ Ke7 22. Rxd5 Nxd5 23. fxe5 Bg7 24. Rf1 Bxe5 25. Nxf7 Ne3 26. Nxe5 Nxf1 27. Nxg6+ Kf6 28. Nxh8 Nxh2 29. b4 Kg7 30. Bc8 Kxh8 31. Bxa6 Nf1 32. Bxb5 Nxg3 33. Bc6 Kg7 34. b5 Nf1 35. b6 Nd2+ 36. Kc1 Nc4 37. b7 1-0


[Site "https://www.chess.com"]